 Dungeon Crawl Stone Soup version 0.17.0-1-g61d176b (webtiles) character file.

171 oplop the Sneak (level 5, 0/28 HPs)
             Began as a Vine Stalker Assassin on Nov 7, 2015.
             Slain by a rat (1 damage)
             ... in a sewer.
             The game lasted 00:03:51 (1536 turns).

oplop the Sneak (Vine Stalker Assassin)             Turns: 1536, Time: 00:03:51

Health: 0/28       AC:  3    Str: 13    XL:     5   Next: 51%
Magic:  0/6        EV: 11    Int: 11    God:
Gold:   39         SH:  0    Dex: 17    Spells: 0 memorised, 4 levels left

rFire  . . .     SeeInvis .     q - +2 dagger (vamp)
rCold  . . .     Clarity  .     c - +0 robe
rNeg   . . .     SustAt   +     (no shield)
rPois  .         Gourm    .     (no helmet)
rElec  .         Spirit   +     d - +0 cloak
rCorr  .         Warding  .     (no gloves)
rMut   .         Stasis   .     (no boots)
MR     .....                    (no amulet)
Stlth  +++.......               (no ring)
                                y - ring of sustain attributes

@: not resistant to hostile enchantments, fairly stealthy
A: fangs 2, regeneration 1, magic shield, antimagic bite, no device heal 3, rot
immunity
a: no special abilities


You were in a sewer.
You were hungry.

You visited 1 branch of the dungeon, and saw 3 of its levels.
You also visited: Sewer.

You collected 39 gold pieces.

Inventory:

Hand Weapons
 a - a +2 dagger
 b - a +0 blowgun
 q - a +2 vampiric dagger (weapon)
Missiles
 e - 8 poisoned needles
 f - 2 curare-tipped needles
 w - 3 needles of paralysis
Armour
 c - a +0 robe (worn)
 d - a +0 cloak (worn)
Jewellery
 j - an uncursed ring of fire
 y - a ring of sustain attributes (left hand)
Wands
 t - a wand of random effects (48)
Scrolls
 m - a scroll of fear
 p - a scroll of remove curse
 s - a scroll of teleportation {unknown}
 u - 3 scrolls of identify {unknown}
 A - a scroll of blinking
Potions
 h - 2 potions of haste {unknown}
 i - 2 potions of curing {unknown}
 l - a potion of might {unknown}
Comestibles
 g - 3 bread rations
 o - a slice of pizza


   Skills:
 + Level 3.1 Fighting
 + Level 3.2 Short Blades
 - Level 1.7 Throwing
 - Level 0.7 Dodging
 + Level 6.2 Stealth


You had 4 spell levels left.
You didn't know any spells.

Dungeon Overview and Level Annotations

Branches:
Dungeon (3/15)

Altars:
Makhleb

Annotations:
D:3 CrazyArbalest's ghost, amateur MiHu


Innate Abilities, Weirdness & Mutations

You have extremely sharp teeth.
Your natural rate of healing is unusually fast.
When hurt, damage is shared between your health and your magic reserves.
Your bite disrupts and absorbs the magic of your enemies.
Potions and wands cannot restore your health.
You are immune to rotting.


Message History

The river rat bites you.
You hit the river rat but do no damage.
The river rat is severely wounded.
The rat bites you. The river rat closely misses you.
You barely miss the river rat.
You bite the river rat, but do no damage.
The river rat is severely wounded.
The rat bites you but does no damage.
You hit the river rat but do no damage. Your bite misses the river rat.
The river rat is severely wounded.
The river rat bites you!
* * * LOW HITPOINT WARNING * * *
The rat bites you.
* * * LOW HITPOINT WARNING * * *
You hit the river rat but do no damage.
The river rat is severely wounded.
The river rat bites you.
* * * LOW HITPOINT WARNING * * *
The rat bites you.
You die...

≈≈≈≈≈≈≈≈≈≈≈≈≈≈≈≈≈≈≈≈
≈≈≈≈≈≈≈≈≈≈≈≈≈≈≈≈≈≈≈≈≈≈≈≈≈≈
≈≈≈.≈.≈.≈.≈≈≈≈≈≈≈≈≈≈≈≈≈≈≈≈≈
≈.≈≈.....≈.≈≈≈≈≈≈≈≈≈≈≈≈≈≈≈≈
≈≈.........≈.≈≈≈≈.≈≈≈≈≈≈≈≈≈
.....................≈≈≈..≈
..........................
...........r.##...........
#......@#####........#
##..##.r.######...####
###..#####..∩# #### #∩..##
##### #####


You could see a river rat and a rat.

Vanquished Creatures
  A hound (D:3)
  7 adders
  A river rat (Sewer)
  An ooze (D:2)
  A worm (D:2)
  7 giant geckos
  8 bats
  3 giant cockroaches
  10 goblins
  5 hobgoblins
  2 jackals (D:2)
  2 kobolds
  2 quokkas (D:2)
  A giant newt (D:2)
  5 rats
56 creatures vanquished.

Notes
Turn   | Place    | Note
--------------------------------------------------------------
     0 | D:1      | oplop the Vine Stalker Assassin began the quest for the Orb.
     0 | D:1      | Reached XP level 1. HP: 11/11 MP: 2/2
   104 | D:1      | Reached skill level 5 in Stealth
   122 | D:1      | Reached XP level 2. HP: 12/15 MP: 1/3
   749 | D:2      | Reached XP level 3. HP: 17/19 MP: 4/4
   957 | D:2      | Reached XP level 4. HP: 23/23 MP: 5/5
  1187 | D:3      | Noticed CrazyArbalest's ghost (amateur MiHu)
  1197 | D:3      | Found a burning altar of Makhleb.
  1247 | D:3      | Reached XP level 5. HP: 19/28 MP: 6/6
  1254 | D:3      | Reached skill level 6 in Stealth
  1376 | D:3      | Found a faded altar to an unknown god.
  1461 | D:3      | Found a glowing drain.
  1480 | Sewer    | Entered a sewer
  1535 | Sewer    | HP: 1/28 [rat (2)]
  1536 | Sewer    | Slain by a rat

Action                   |  1- 3 |  4- 6 || total
-------------------------+-------+-------++-------
Melee: Dagger            |    69 |   111 ||   180
  Use: Scroll            |     1 |     6 ||     7
 Stab: Sleeping          |     7 |     5 ||    12
       Distracted        |       |     1 ||     1
  Eat: Meat ration       |     1 |       ||     1
       Chunk             |       |     1 ||     1
